 Dungeon Crawl Stone Soup version 0.31.0-32-g396128a36d (webtiles) character file.

Game seed: 2099024811536170881

432 hawla the Carver (level 6, -1/51 HPs)
             Began as a Minotaur Monk on Apr 8, 2024.
             Slain by a scorpion (3 damage)
             ... on level 4 of the Dungeon.
             The game lasted 00:05:37 (3182 turns).

hawla the Carver (Minotaur Monk)                    Turns: 3182, Time: 00:05:38

Health: -1/51      AC: 10    Str: 16    XL:     6   Next: 67%
Magic:  5/5        EV:  5    Int:  7    God:
Gold:   141        SH:  0    Dex: 14    Spells: 5/5 levels left

rFire   + . .        a - +1 falchion
rCold   + . .        d - orb {light}
rNeg    . . .        l - +0 plate armour
rPois   +            (helmet restricted)
rElec   +            (no cloak)
rCorr   +            (no gloves)
SInv    .            (no boots)
Will    .....        (no amulet) Stlth
                     m - ring of resist corrosion
HPRegen 0.28/turn    (no ring)
MPRegen 0.09/turn

%: no passive effects
@: lethally poisoned (-1 -> -5), resistant, glowing
A: horns 2, retaliatory headbutt
a: no special abilities


You were on level 4 of the Dungeon.
You visited 1 branch of the dungeon, and saw 5 of its levels.

You collected 141 gold pieces.

Inventory:

Hand Weapons
 a - a +1 falchion (weapon)
Missiles
 e - 12 poisoned darts (quivered)
Armour
 b - a +0 tower shield
 d - an orb of light (worn)
 l - a +0 plate armour (worn)
Jewellery
 m - a ring of resist corrosion (left hand)
 s - a ring of see invisible
Scrolls
 j - 5 scrolls of identify {unknown}
 k - a scroll of silence {unknown}
 p - a scroll of blinking {unknown}
 q - 3 scrolls of immolation {unknown}
 r - a scroll of poison {unknown}
 t - a scroll of vulnerability
 u - a scroll of fear
Potions
 f - a potion of attraction {unknown}
 g - 3 potions of berserk rage {unknown}
 h - a potion of haste
 i - a potion of brilliance {unknown}
 n - a potion of enlightenment {unknown}
 o - a potion of magic {unknown}
 v - 2 potions of cancellation {unknown}


   Skills:
 - Level 3.6 Fighting
 + Level 9.2 Long Blades
 - Level 3.2 Dodging


You had 5 spell levels left.
You didn't know any spells.
Your spell library was empty.

Dungeon Overview and Level Annotations

Branches:
Dungeon (5/15)
 Temple: D:4-7

Altars:
Elyvilon
Makhleb
Zin
The Shining One

Annotations:
D:2 Crazy Yiuf


Innate Abilities, Weirdness & Mutations

You have a pair of horns on your head.
You reflexively headbutt those who attack you in melee.


Message History

The black bear bites you but does no damage.
The black bear claws you but does no damage.
The black bear completely misses you.
You completely miss the black bear.
The black bear is heavily wounded.
The black bear bites you!
The black bear claws you but does no damage.
The black bear barely misses you.
You slash the black bear! You headbutt the black bear!
You kill the black bear!
Your Long Blades skill increases to level 9!
No target in view!
You start resting.
HP restored.
You climb downwards.
The scorpion stings you but does no damage.
The scorpion stings you. The iguana bites you.
The ogre hits you with a +0 giant spiked club!
The ice beast barely misses you. You furiously retaliate!
You headbutt the ice beast. The scorpion stings you. x2
You are poisoned.
The scorpion poisons you!
There is a stone staircase leading up, spattered with blood here.
You feel very sick.
The ice beast hits you but does no damage.
The iguana bites you!
* * * LOW HITPOINT WARNING * * *
The scorpion stings you but does no damage. x2
The ogre barely misses you.
You climb upwards.
You feel very sick.
There is a stone staircase leading down here.
It was a potion of resistance.
You feel protected.
You feel sick.
The ice beast hits you but does no damage.
The iguana bites you!
* * * LOW HITPOINT WARNING * * *
The scorpion stings you.
You die...

#...........).)....#..#..
#...[.......)......#..##.
#..?.#####'##......#..##.
#....#......#......#.....
#....#......#......#.....
#....#......#......######
#....#......#............
#....#####..#............
#####.sl@#..##'####......
#..Ys#........#......
#...O#........#######
#....#.........# #
#....##.###...## #
##....#.###...# ###
#....#.......#####..
#....#.......#...'..
######....#####...##..#..


You could see an ice beast, an ogre, 2 scorpions and an iguana.

Vanquished Creatures
  A black bear (D:4)
  A scorpion (D:4)
  2 hounds (D:4)
  3 orc wizards (D:4)
  2 adders
  3 dart slugs
  5 ribbon worms
  12 orcs
  6 ball pythons
  12 endoplasms
  6 giant cockroaches
  15 goblins
  A hobgoblin (D:2)
  3 jackals (D:4)
  2 quokkas
  6 bats
  6 frilled lizards
  6 kobolds
  5 rats
97 creatures vanquished.

Notes
Turn   | Place    | Note
-------+----------+-------------------------------------------
     0 | D:1      | hawla the Minotaur Monk began the quest for the Orb.
     0 | D:1      | Reached XP level 1. HP: 19/19 MP: 0/0
    24 | D:1      | Reached skill level 4 in Long Blades
    74 | D:1      | Reached XP level 2. HP: 25/26 MP: 1/1
   295 | D:1      | Reached skill level 5 in Long Blades
   318 | D:1      | Reached XP level 3. HP: 31/31 MP: 2/2
   828 | D:2      | Reached skill level 6 in Long Blades
   828 | D:2      | Reached XP level 4. HP: 37/39 MP: 3/3
   881 | D:2      | Found a runed translucent door.
   882 | D:2      | Noticed Crazy Yiuf
  1647 | D:3      | Found a glowing silver altar of Zin.
  1647 | D:3      | Found a white marble altar of Elyvilon.
  1648 | D:3      | Found a glowing golden altar of the Shining One.
  1688 | D:3      | Found a burning altar of Makhleb.
  1947 | D:3      | Found a faded altar of an unknown god.
  2237 | D:4      | Reached skill level 7 in Long Blades
  2237 | D:4      | Reached XP level 5. HP: 37/45 MP: 4/4
  2555 | D:4      | Reached skill level 8 in Long Blades
  2598 | D:4      | Reached XP level 6. HP: 46/51 MP: 5/5
  3150 | D:5      | Entered Level 5 of the Dungeon
  3150 | D:5      | Noticed an ice beast
  3157 | D:4      | Reached skill level 9 in Long Blades
  3182 | D:4      | HP: 2/51 [iguana (7)]
  3182 | D:4      | Slain by a scorpion

Illustrated notes

Levels and vault maps discovered:
D:1:      nzn_arrival_crosshair, layout_rooms, serial_glass, glass_columns_a,
          glass_columns_b
D:2:      layout_basic, st_stairs_3, uniq_crazy_yiuf_cottage
D:3:      layout_loops_corners, good_gods_temple_1,
          mainiacjoe_overflow_six_doors_small, ebering_ecumenical_altar_hall
D:4:      layout_gridville, kennysheep_small_spiral
D:5:      layout_gridville, mainiacjoe_overflow_chevrons,
          mainiacjoe_overflow_cross_hatched, ashenzari_altar_1,
          kennysheep_little_box, nicolae_fountain_basement, uniq_prince_ribbit1,
          uniq_grinder, uniq_edmund

Skill      XL: |  1  2  3  4  5  6 |
---------------+-------------------+-----
Long Blades    | 4 5 6 7 8 9 |  9.2
Fighting       | |  3.6
Dodging        | |  3.2

Action                     |  1- 3 |  4- 6 || total
---------------------------+-------+-------++-------
  Melee: Falchion          |    97 |   121 ||   218
         Headbutt          |    21 |    34 ||    55
  Throw: Dart              |     2 |     8 ||    10
    Use: Potion            |     1 |     2 ||     3
         Scroll            |     4 |     3 ||     7
 Armour: Robe              |    23 |       ||    23
         Plate armour      |    46 |   126 ||   172
  Dodge: Dodged            |    34 |    36 ||    70
